 Dungeon Crawl Stone Soup version 0.27-a0-1202-ge72e49191c (webtiles) character file.

Game seed: 18106160075175076311

6 LatOm the Cutter (level 2, 19/19 HPs)
             Began as a Kobold Berserker on June 2, 2021.
             Was an Initiate of Ashenzari.
             Got out of the dungeon alive.
             The game lasted 00:02:19 (420 turns).

LatOm the Cutter (Kobold Berserker)                  Turns: 420, Time: 00:02:19

Health: 19/19      AC:  2    Str: 14    XL:     2   Next: 0%
Magic:  2/2        EV: 14    Int:  8    God:    Ashenzari [......]
Gold:   22         SH:  0    Dex: 14    Spells: 1/1 levels left

rFire    . . .     SeeInvis .   a - +0 short sword
rCold    . . .     Faith    .   (shield restricted)
rNeg     . . .     Spirit   .   b - +0 animal skin
rPois    .         Reflect  .   (no helmet)
rElec    .         Harm     .   (no cloak)
rCorr    .         Rampage  .   (no gloves)
Will     .....                  (no boots)
Stlth    ++........             (no amulet)
HPRegen  0.06/turn              (no ring)
MPRegen  0.08/turn              (no ring)

@: no status effects
A: small, no large weapons, nightstalker 3
a: Renounce Religion, Curse Item


You escaped.
You worshipped Ashenzari.
Ashenzari was noncommittal.
You visited 1 branch of the dungeon, and saw 1 of its levels.

You collected 22 gold pieces.

Inventory:

Hand Weapons
 a - a +0 short sword (weapon)
Armour
 b - a +0 animal skin (worn)
Scrolls
 c - a scroll of acquirement


   Skills:
 + Level 3.3 Fighting
 * Level 4.2 Short Blades
 - Level 1.5 Armour
 + Level 2.5 Dodging
 + Level 0.7 Stealth


You had one spell level left.
You didn't know any spells.
Your spell library was empty.

Dungeon Overview and Level Annotations

Branches:
Dungeon (1/15)

Altars:
Ashenzari


Innate Abilities, Weirdness & Mutations

You are small and have problems with some larger weapons.
You are completely attuned to the shadows.


Message History

You are frozen.
You hit the endoplasm.
You kill the endoplasm!
Trog accepts your kill.
HP restored.
A frilled lizard comes into view.
The frilled lizard hisses angrily.
You closely miss the frilled lizard.
An endoplasm comes into view.
The frilled lizard bites you but does no damage.
You barely miss the frilled lizard. You closely miss the frilled lizard.
The endoplasm quivers.
The frilled lizard barely misses you.
You hit the frilled lizard but do no damage.
The frilled lizard closely misses you.
You hit the frilled lizard.
You kill the frilled lizard!
Trog accepts your kill.
You hit the endoplasm.
You kill the endoplasm!
Trog accepts your kill.
You have reached level 2!
Found a faded altar of an unknown god.
Found 13 gold pieces.
There is a faded altar of an unknown god here.
You cannot tell which god this altar belongs to.
Convert to them anyway?
Ashenzari accepts your prayer!
You have lost your religion!
Trog does not appreciate desertion!
Ashenzari welcomes you!
c - a scroll of acquirement Ashenzari warns you of distant threats and treasures.
Ashenzari reveals the structure of the dungeon to you.
Ashenzari shows you where magical portals lie.
Ashenzari prevents you from stumbling into unseen traps.
Ashenzari identifies your possessions.
Ashenzari invites you to partake of a vision and a curse of introspection and alchemy.
Things that are here:
a +0 short sword; 4 stones
There is a large open door here.
There is a staircase leading out of the dungeon here.
Are you sure you want to leave the Dungeon?
This will make you lose the game!
You have escaped!

.#..................#.###.###...#
.#..................#............
.###...##.........#.#####..##...#
.# #.............##.# #..###.##
.# ###.##...........# #..# #.# .#
#.##............ ...# #.# .#
###.######## #.# .## ##...#.....+
#.# ..# .....#..@..+ #.# #.#
###...#.....# #.# #.# ##..###''##
+###)## #.# #..# #.......#
....... #.# #..####.#.....#
.....## #.# #........###+##
+###.# #.###..####.## #.#
#......####..# #.# #####........#


There were no monsters in sight!

Vanquished Creatures
  2 endoplasms (D:1)
  A quokka (D:1)
  2 frilled lizards (D:1)
  A kobold (D:1)
6 creatures vanquished.

Notes
Turn   | Place    | Note
-------+----------+-------------------------------------------
     0 | D:1      | LatOm the Kobold Berserker began the quest for the Orb.
     0 | D:1      | Reached XP level 1. HP: 14/14 MP: 1/1
   269 | D:1      | Reached XP level 2. HP: 19/19 MP: 2/2
   320 | D:1      | Found a faded altar of an unknown god.
   323 | D:1      | Fell from the grace of Trog
   323 | D:1      | Became a worshipper of Ashenzari the Shackled
   323 | D:1      | Identified a scroll of acquirement
   420 | D:$      | Got out of the dungeon alive.

Illustrated notes

Levels and vault maps discovered:
D:1:      dpeg_arrival_houses_and_road, layout_loops_ring,
          shapermc_ecumenical_altar_mp_urbaneastern, minmay_misc_feat_alley

Action                   || total
-------------------------++-------
Melee: Short sword       ||    14
 Stab: Sleeping          ||     2
Armor: Animal skin       ||     1
Dodge: Dodged            ||     4

Table legend: (Time is in decaauts)
 A = Elapsed time spent in this place.
 B = Non-inter-level travel time spent in this place.
 C = Inter-level travel time spent in this place.
 D = Time resting spent in this place.
 E = Time spent auto-exploring this place.
 F = Levels seen in this place.
 G = Mean time per level.
                   A        B        C        D        E       F      G
               +--------+--------+--------+--------+--------+-----+--------+
         Total |    418 |    324 |     94 |      0 |    292 |   1 |  418.0 |
       Dungeon |    418 |    324 |     94 |      0 |    292 |   1 |  418.0 |
               +--------+--------+--------+--------+--------+-----+--------+

Top non-repeatable levels by time:
     D:1: 418 daAuts
